 Dungeon Crawl Stone Soup version 0.29.1-12-g30fa7ad0bf (webtiles) character file.

Game seed: 14128118139801419307

18447 DildoBatman the Dealer of Despair (level 12, -8/94 HPs)
             Began as a Formicid Conjurer on Jan 18, 2023.
             Was an Elder of Kikubaaqudgha.
             Mangled by a boulder beetle (20 damage)
             ... on level 11 of the Dungeon.
             The game lasted 00:46:13 (10689 turns).

DildoBatman the Dealer of Despair (FoCj)           Turns: 10689, Time: 00:46:13

Health: -8/94      AC: 17    Str: 12    XL:     12   Next: 95%
Magic:  13/26      EV: 12    Int: 23    God:    Kikubaaqudgha [****..]
Gold:   797        SH:  0    Dex: 12    Spells: 14/31 levels left

rFire   . . .      SeeInvis +   d - +0 falchion (protect)
rCold   . . .      Faith    .   (no shield)
rNeg    + . .      Spirit   .   o - +2 troll leather armour
rPois   .          Reflect  .   (helmet unavailable)
rElec   .          Harm     .   y - scarf {shadows}
rCorr   .          Rampage  .   q - +0 pair of gloves
Will    +....                   (no boots)
Stlth   ++........              g - amulet of the acrobat
HPRegen 1.05/turn               Q - ring of positive energy
MPRegen 0.20/turn               M - ring of flight

@: under a protective aura, flying
A: permanent stasis, dig shafts and tunnels, antennae 3, four strong arms,
iridescent scales 1, robust 1
a: Dig, Shaft Self, Renounce Religion, Unearth Wretches


You were on level 11 of the Dungeon.
You worshipped Kikubaaqudgha.
Kikubaaqudgha was greatly pleased with you.
You visited 2 branches of the dungeon, and saw 12 of its levels.
You also visited: Bailey.

You collected 797 gold pieces.

Inventory:

Hand Weapons
 a - a +1 shortbow of freezing
 b - a +1 spear of venom
 d - a +0 falchion of protection (weapon)
 P - a +1 great sword of draining
Missiles
 C - 3 atropa-tipped darts (quivered)
 F - 41 poisoned darts
 H - 2 curare-tipped darts
Armour
 o - a +2 troll leather armour (worn)
 p - the +7 Kryia's mail coat {PotionHeal*2 rC+}
   (You took it off a gnoll in a bailey)

   Potions are twice as effective at healing its wearer.
   rC:        It protects you from cold.
 q - a +0 pair of gloves (worn)
 y - a scarf of shadows (worn)
 J - the +1 robe of Xizuphum {rF+}
   (You found it on level 10 of the Dungeon)

   rF:        It protects you from fire.
 K - a +0 ring mail of willpower
Jewellery
 g - an amulet of the acrobat (around neck)
 M - a ring of flight (right hand)
 Q - a ring of positive energy (left hand)
Wands
 c - a wand of digging (5)
 f - a wand of light (7)
 i - a wand of paralysis (6)
 x - a wand of roots (13)
Scrolls
 h - 3 scrolls of fear
 k - a scroll of blinking {unknown}
 n - a scroll of noise {unknown}
 r - 2 scrolls of poison
 t - 4 scrolls of immolation
 u - 4 scrolls of amnesia
 z - 2 scrolls of identify
 A - a scroll of enchant weapon {unknown}
 D - a scroll of acquirement {unknown}
 N - a scroll of fog {unknown}
 O - a scroll of magic mapping {unknown}
Potions
 e - a potion of brilliance {unknown}
 j - a potion of ambrosia
 l - a potion of magic
 m - a potion of invisibility {unknown}
 s - 7 potions of curing
 v - 5 potions of heal wounds
 w - a potion of berserk rage {unknown}
 B - a potion of mutation
 E - 2 potions of cancellation
 G - a potion of resistance {unknown}
 I - a potion of might {unknown}
 L - a potion of lignification {unknown}


   Skills:
 - Level 5.0 Fighting
 - Level 5.0 Armour
 - Level 4.0 Dodging
 - Level 2.4 Stealth
 - Level 10.0 Spellcasting
 - Level 6.0 Conjurations
 - Level 12.0 Necromancy
 * Level 11.8 Earth Magic


You had 14 spell levels left.
You knew the following spells:

 Your Spells              Type           Power      Damage    Failure   Level
a - Borgnjor's Vile Clut  Necr/Erth      30%        N/A       1%          5
c - Searing Ray           Conj           78%        2d7       1%          2
d - Vampiric Draining     Necr           61%        2d10      1%          3
e - Magic Dart            Conj           100%       1d8       1%          1
h - Dispel Undead         Necr           61%        3d21      1%          4
z - Sublimation of Blood  Necr           61%        N/A       1%          2

Your spell library contained the following spells:

 Spells                   Type           Power      Damage    Failure   Level
 Necrotise                Necr           100%       1d9       1%          1
 Animate Dead             Necr           61%        N/A       1%          4
 Agony                    Necr           61%        N/A       1%          5
 Lee's Rapid Deconstruct  Erth           30%        3d17*     1%          5
 Dazzling Flash           Conj/Hex       50%        N/A       6%          3
 Anguish                  Hex/Necr       19%        N/A       6%          4
 Leda's Liquefaction      Hex/Erth       19%        N/A       6%          4
 Petrify                  Tmut/Erth      38%        N/A       6%          4
 Death Channel            Necr           30%        N/A       8%          6
 Fulminant Prism          Conj/Hex       12%        3d9       21%         4
 Iskenderun's Mystic Bla  Conj/Tloc      25%        2d7       21%         4
 Gell's Gravitas          Tloc           11%        N/A       22%         3
 Teleport Other           Tloc           11%        N/A       22%         3
 Irradiate                Conj/Tmut      12%        3d15      50%         5
 Passage of Golubria      Tloc           11%        N/A       56%         4
 Simulacrum               Ice/Necr       19%        N/A       67%         6
 Statue Form              Tmut/Erth      25%        N/A       69%         6
 Metabolic Englaciation   Hex/Ice        5%         N/A       89%         5
 Silence                  Hex/Air        5%         N/A       89%         5
 Dispersal                Tloc           5%         N/A       100%        6
 Disjunction              Tloc           5%         N/A       100%        8
 Lehudib's Crystal Spear  Conj/Erth      25%        10d7      100%        8


Dungeon Overview and Level Annotations

Branches:
Dungeon (11/15)            Temple (1/1) D:6            Lair (0/5) D:8
 Bailey (visited)
    Orc: D:9-12

Altars:
Ashenzari
Cheibriados
Dithmenos
Elyvilon
Fedhas
Gozag
Hepliaklqana
Kikubaaqudgha
Makhleb
Nemelex Xobeh
Okawaru
Qazlal
Ru
Sif Muna
Trog
Uskayaw
Vehumet
Wu Jian
Xom
Yredelemnul
Zin
The Shining One

Shops:
D:10 *


Innate Abilities, Weirdness & Mutations

You cannot be hasted, slowed, berserked, paralysed or teleported.
You can dig through walls and to a lower floor.
You have a pair of large antennae on your head. (SInv)
Your four strong arms can wield two-handed weapons with a shield.
You are partially covered in iridescent scales. (AC +2)
You are robust. (+10% HP)


Message History

The zombie hands constrict the boulder beetle!
The boulder beetle bites you!
You hit the boulder beetle but do no damage.
The boulder beetle is lightly wounded.
The zombie hands constrict the boulder beetle!
The zombie hands release their grip on the boulder beetle.
The boulder beetle bites you!!
The boulder beetle bites you but does no damage.
Casting: Borgnjor's Vile Clutch (dangerous; 1% risk of failure)
Confirm with . or Enter, or press ? or * to list all spells.
Aiming: Borgnjor's Vile Clutch (dangerous; 1% risk of failure)
Press: ? - help, Shift-Dir - straight line, f/p - boulder beetle
Aim: a boulder beetle (moderately wounded, 100% to hit)
Zombie hands grab the boulder beetle.
The zombie hands constrict the boulder beetle, but do no damage.
The boulder beetle closely misses you.
You hit the boulder beetle but do no damage.
The boulder beetle is moderately wounded.
The zombie hands constrict the boulder beetle.
The boulder beetle bites you but does no damage.
You hit the boulder beetle.
The boulder beetle is heavily wounded.
The zombie hands constrict the boulder beetle!
The boulder beetle bites you!
You hit the boulder beetle but do no damage.
The boulder beetle is severely wounded.
The zombie hands constrict the boulder beetle, but do no damage.
The zombie hands release their grip on the boulder beetle.
The boulder beetle bites you! The boulder beetle bites you!!
Casting: Borgnjor's Vile Clutch (dangerous; 1% risk of failure)
Confirm with . or Enter, or press ? or * to list all spells.
Aiming: Borgnjor's Vile Clutch (dangerous; 1% risk of failure)
Press: ? - help, Shift-Dir - straight line, f/p - boulder beetle
Aim: a boulder beetle (severely wounded, 100% to hit)
Zombie hands grab the boulder beetle.
The zombie hands constrict the boulder beetle.
The boulder beetle bites you!!
You die...
Kikubaaqudgha rasps: "You have failed me!
Welcome... death!"

.# #....#......#...#.#
.#######....###....#o..#
..............#....#...#
..............#.)###....
......##'###..#..#
....#.
......#....#..#.)#
....#..
......#....#..#..#
......#...(#.##.B#
......####'#.#..@#
.............#...####
.............#......# {
.............#......# {
.............#......# {
.............#......# {
####.........#......# {
...#.........#......+
...##'########......#


You could see a boulder beetle (clutched).

Vanquished Creatures
  An orc warlord (Bailey)
  A boulder beetle (D:11)
  The ghost of peterlawrence the Fighter, a novice MiFi (D:9)
  A hydra (D:6)
  A two-headed ogre (D:10)
  An orc knight (Bailey)
  A cyclops (D:11)
  A troll (D:8)
  A shadow (D:8)
  2 wraiths
  10 yaks
  5 vampire mosquitoes
  2 steam dragons
  3 acid dragons
  Edmund (D:4)
  3 water moccasins
  3 ice beasts
  17 orc warriors
  2 sky beasts (D:6)
  4 centaurs
  A phantom (D:5)
  6 kobold brigands
  2 bullfrogs
  3 necrophages
  3 scorpions (D:6)
  5 wights
  6 killer bees
  3 howler monkeys
  4 orc priests
  4 hounds
  3 jellies (D:6)
  Ijyb (D:3)
  5 iguanas
  5 orc wizards
  10 gnolls
  6 adders
  4 shadow imps
  3 ufetubi
  2 worms (D:3)
  2 dart slugs
  35 orcs
  7 bats
  6 endoplasms
  3 giant cockroaches
  19 goblins
  18 hobgoblins
  10 jackals
  30 kobolds
  4 quokkas
  7 ball pythons
  8 frilled lizards
  4 rats
290 creatures vanquished.

Notes
Turn   | Place    | Note
-------+----------+-------------------------------------------
     0 | D:1      | DildoBatman the Formicid Conjurer began the quest for the
                  | Orb.
     0 | D:1      | Reached XP level 1. HP: 13/13 MP: 3/3
   164 | D:1      | Reached XP level 2. HP: 20/20 MP: 5/5
   178 | D:1      | Learned a level 2 spell: Searing Ray
   248 | D:1      | Reached skill level 1 in Fighting
   331 | D:1      | Reached skill level 1 in Armour
   331 | D:1      | Reached XP level 3. HP: 22/26 MP: 4/6
   788 | D:2      | Reached XP level 4. HP: 10/32 MP: 2/8
   835 | D:2      | Found a faded altar of an unknown god.
  1210 | D:3      | Reached XP level 5. HP: 11/38 MP: 1/9
  1387 | D:3      | Noticed Ijyb
  1563 | D:3      | Reached XP level 6. HP: 38/46 MP: 3/11
  1747 | D:3      | Found a hide-covered altar of Uskayaw.
  2070 | D:4      | Noticed a water moccasin
  2297 | D:4      | Noticed a water moccasin
  2309 | D:4      | Killed a water moccasin
  2377 | D:4      | Reached skill level 5 in Conjurations
  2377 | D:4      | Reached XP level 7. HP: 30/52 MP: 7/13
  2530 | D:4      | Noticed Edmund
  2621 | D:4      | Found a radiant altar of Vehumet.
  2831 | D:5      | Entered Level 5 of the Dungeon
  3250 | D:5      | Reached skill level 5 in Spellcasting
  3487 | D:6      | Found a staircase to the Ecumenical Temple.
  3492 | Temple   | Entered the Ecumenical Temple
  3689 | Temple   | Became a worshipper of Kikubaaqudgha
  3806 | D:3      | Killed Ijyb
  4072 | D:4      | Killed Edmund
  4073 | D:4      | Reached XP level 8. HP: 58/58 MP: 8/16
  5174 | D:6      | Reached * piety under Kikubaaqudgha
  5174 | D:6      | Received a gift from Kikubaaqudgha
  5175 | D:6      | Reached XP level 9. HP: 51/65 MP: 10/19
  5357 | D:6      | Noticed an eight-headed hydra
  5549 | D:7      | Reached skill level 5 in Fighting
  5549 | D:7      | Reached skill level 5 in Armour
  5632 | D:7      | Reached skill level 1 in Necromancy
  5822 | D:7      | Found a sparkling altar of Nemelex Xobeh.
  5830 | D:7      | Learned a level 2 spell: Sublimation of Blood
  6287 | D:8      | Reached skill level 2 in Necromancy
  6402 | D:8      | Reached skill level 3 in Necromancy
  6691 | D:8      | Found a broken altar of Ashenzari.
  6693 | D:8      | Found a hazy altar of Hepliaklqana.
  6693 | D:8      | Found a glowing golden altar of the Shining One.
  6765 | D:8      | Reached skill level 4 in Necromancy
  6782 | D:8      | Learned a level 3 spell: Vampiric Draining
  6792 | D:8      | Gained mutation: Your spells are a little harder to cast,
                  | but a little more powerful. [potion of mutation]
  6794 | D:8      | Lost mutation: Your spells are a little harder to cast, but
                  | a little more powerful. [potion of mutation]
  6794 | D:8      | Gained mutation: You are robust. (+10% HP) [potion of
                  | mutation]
  6794 | D:8      | Gained mutation: You are partially covered in iridescent
                  | scales. (AC +2) [potion of mutation]
  6993 | D:8      | Found a staircase to the Lair.
  7178 | D:8      | Reached skill level 5 in Necromancy
  7178 | D:8      | Reached XP level 10. HP: 64/81 MP: 9/22
  7439 | D:8      | Reached skill level 6 in Necromancy
  7794 | D:8      | Reached ** piety under Kikubaaqudgha
  7823 | D:9      | Reached skill level 7 in Necromancy
  7843 | D:9      | Found a flagged portal.
  8042 | Bailey   | Entered a bailey
  8293 | Bailey   | Noticed an orc knight
  8326 | Bailey   | Killed an orc knight
  8327 | Bailey   | Reached skill level 10 in Spellcasting
  8327 | Bailey   | Reached skill level 8 in Necromancy
  8327 | Bailey   | Reached XP level 11. HP: 27/86 MP: 17/25
  8580 | Bailey   | Reached *** piety under Kikubaaqudgha
  8580 | Bailey   | Received a gift from Kikubaaqudgha
  8599 | Bailey   | Learned a level 4 spell: Dispel Undead
  8605 | Bailey   | Learned a level 5 spell: Borgnjor's Vile Clutch
  8655 | Bailey   | Reached skill level 1 in Earth Magic
  8816 | Bailey   | Reached skill level 10 in Necromancy
  8816 | Bailey   | Reached XP level 12. HP: 94/94 MP: 26/26
  8941 | Bailey   | Reached skill level 11 in Necromancy
  8947 | Bailey   | Noticed an orc warlord
  8964 | Bailey   | Killed an orc warlord
  9165 | D:9      | Found a runed translucent gate.
  9165 | D:9      | Found a runed translucent gate.
  9165 | D:9      | Found a runed translucent gate.
  9168 | D:9      | Noticed peterlawrence's ghost (novice MiFi)
  9175 | D:9      | Killed peterlawrence's ghost
  9623 | D:6      | Killed an eight-headed hydra
  9746 | D:6      | You fall into a shaft and drop 3 floors!
  9754 | D:10     | Entered Level 10 of the Dungeon
  9754 | D:10     | Noticed a two-headed ogre
  9759 | D:10     | Killed a two-headed ogre
  9760 | D:10     | Reached skill level 10 in Earth Magic
  9884 | D:10     | Reached **** piety under Kikubaaqudgha
  9885 | D:10     | Reached skill level 12 in Necromancy
 10050 | D:10     | Found Naimogromo's Elemental Accessories.
 10149 | D:10     | Identified the +1 robe of Xizuphum {rF+}
 10418 | D:11     | Noticed a boulder beetle
 10435 | D:11     | Killed a boulder beetle
 10670 | D:11     | Noticed a boulder beetle
 10689 | D:11     | Mangled by a boulder beetle

Illustrated notes

Levels and vault maps discovered:
D:1:      spicycebolla_green_bress_n_ham, layout_basic, skrybe_limestone_x,
          minmay_split_cup_large
D:2:      layout_rooms, hellmonk_ecumenical_altar_blasted,
          minmay_misc_feat_square, minmay_fountain_box,
          nicolae_elevator_lobby_asterisk
D:3:      layout_rooms, mainiacjoe_overflow_chevrons, uniq_ijyb
D:4:      layout_gridville, mainiacjoe_overflow_surrounded_room, uniq_edmund
D:5:      layout_cave_pools
D:6:      kennysheep_windowed_halls, layout_basic, temple_doors_e
D:7:      layout_basic, nemelex_diamond_rough_becter
D:8:      kennysheep_blocky_hall, layout_basic,
          chequers_temple_overflow_statue_of_worship, lair_entry_dummy
D:9:      layout_rooms, ebering_ghost_rock_garden, enter_bailey_5,
          kennysheep_generic_room_12
D:10:     layout_rooms, nicolae_elemental_shop
D:11:     layout_irregular_city, orc_0_dummy,
          nicolae_concentric_dashed_squares_mild
Temple:   eino_temple_rhombus

Skill      XL: |  1  2  3  4  5  6  7  8  9 10 11 12 |
---------------+-------------------------------------+-----
Dodging        | 2 3 4 |  4.0
Fighting       | 1 2 3 4 5 |  5.0
Armour         | 1 2 3 4 5 |  5.0
Conjurations   | 4 5 6 |  6.0
Spellcasting   | 3 4 5 7 8 10 | 10.0
Necromancy     | 5 8 10 12 | 12.0
Earth Magic    | 8 11 | 11.8
Stealth        | |  2.4

Action                   |  1- 3 |  4- 6 |  7- 9 | 10-12 || total
-------------------------+-------+-------+-------+-------++-------
Melee: Dagger            |    32 |       |       |       ||    32
       Unarmed           |     4 |       |       |       ||     4
       Punch             |     2 |       |       |     1 ||     3
       Long sword        |     9 |    10 |       |       ||    19
       Mace              |     7 |       |     5 |       ||    12
       Falchion          |       |     6 |   129 |   266 ||   401
       Spear             |       |       |       |    10 ||    10
 Fire: Sling             |    29 |    73 |    90 |     1 ||   193
       Shortbow          |       |       |       |    49 ||    49
Throw: Dart              |       |       |     1 |     3 ||     4
 Cast: Magic Dart        |     9 |     1 |     7 |    10 ||    27
       Searing Ray       |     8 |    22 |    59 |    42 ||   131
       Vampiric Draining |       |       |     1 |     7 ||     8
       Sublimation of Bl |       |       |       |    36 ||    36
       Borgnjor's Vile C |       |       |       |    45 ||    45
       Dispel Undead     |       |       |       |     7 ||     7
 Abil: Shaft Self        |       |       |       |     1 ||     1
Evoke: Wand              |       |       |     1 |       ||     1
  Use: Scroll            |       |     5 |     8 |     5 ||    18
       Potion            |       |     1 |     2 |     3 ||     6
 Stab: Sleeping          |     1 |       |       |     2 ||     3
       Invisible         |       |       |       |     1 ||     1
Armor: Robe              |    13 |     2 |    61 |       ||    76
       Steam dragon scal |       |       |     2 |     5 ||     7
       Troll leather arm |       |       |       |   156 ||   156
Dodge: Dodged            |    60 |    27 |   219 |   354 ||   660
